 Dungeon Crawl Stone Soup version 0.17-a0-1840-g87820a2 (webtiles) character file.

256 MartinZepigue the Skirmisher (level 5, -13/48 HPs)
             Began as a Minotaur Berserker on Sept 13, 2015.
             Was a Priest of Trog.
             Mangled by Pikel
             ... wielding a +0 whip of electrocution
              (15 damage)
             ... on level 4 of the Dungeon on Sept 16, 2015.
             The game lasted 00:31:09 (2791 turns).

MartinZepigue the Skirmisher (Minotaur Berserker)   Turns: 2791, Time: 00:31:09

Health: -13/48     AC: 10    Str: 22    XL:     5   Next: 92%
Magic:  4/4        EV:  9    Int:  4    God:    Trog [***...]
Gold:   125        SH:  0    Dex: 10    Spells: 0 memorised, 4 levels left

rFire  . . .     SeeInvis .     k - +0 mace (curse)
rCold  . . .     Clarity  .     r - +1 ring mail
rNeg   . . .     SustAt   .     (no shield)
rPois  .         Gourm    .     f - +0 hat
rElec  .         Spirit   .     E - +0 cloak {+Inv}
rCorr  .         Warding  .     m - +0 pair of gloves
rMut   .         Stasis   .     w - +0 pair of boots
MR     .....                    q - amulet of faith
Stlth  +.........               (no ring)
                                y - -3 ring of evasion (curse)

@: not resistant to hostile enchantments, very unstealthy
A: retaliatory headbutt, horns 2
a: Burn Spellbooks, Berserk, Trog's Hand, Renounce Religion, Evoke Invisibility


You were on level 4 of the Dungeon.
You worshipped Trog.
Trog was most pleased with you.
You were not hungry.

You visited 1 branch of the dungeon, and saw 4 of its levels.

You collected 125 gold pieces.

Inventory:

Hand weapons
 a - a +1 hand axe
 k - a cursed +0 mace (weapon)
 x - a +0 hand axe
 B - a +0 war axe
 D - a +4 quarterstaff of chaos
Missiles
 d - 31 sling bullets
 h - 83 stones (quivered)
 p - 28 bolts
 v - 18 arrows
Armour
 b - a +0 animal skin
 e - a +0 pair of gloves
 f - a +0 hat (worn)
 i - a +0 naga barding
 j - a +0 leather armour
 m - a +0 pair of gloves (worn)
 r - a +1 ring mail (worn)
 w - a +0 pair of boots (worn)
 E - a +0 cloak of invisibility (worn)
Jewellery
 q - an amulet of faith (around neck)
 y - a cursed -3 ring of evasion (left hand)
Magical devices
 u - a wand of random effects (28)
 C - a wand of magic darts (32)
Scrolls
 l - 6 scrolls of identify
 s - 2 scrolls of fog
 t - a scroll of teleportation
Potions
 n - a potion of might
 o - a potion of curing
 A - a potion of lignification
Comestibles
 c - 3 bread rations
 g - a chunk of flesh
 z - a royal jelly


   Skills:
 + Level 5.1 Fighting
 + Level 4.7(4.8) Axes
 + Level 0.2(2.9) Maces & Flails
 + Level 4.3 Armour
 + Level 3.8 Dodging
 + Level 0.5 Stealth


You had 4 spell levels left.
You didn't know any spells.

Dungeon Overview and Level Annotations

Branches:
Dungeon (4/15)
 Temple: D:4-7

Altars:
Vehumet

Annotations:
D:4 Pikel


Innate Abilities, Weirdness & Mutations

You reflexively headbutt those who attack you in melee.
You have a pair of horns on your head.


Message History

The iguana bites you. The iguana closely misses you. You furiously retaliate!
You headbutt the iguana!
You kill the iguana!
Trog accepts your kill. Pikel hits you but does no damage.
You are electrocuted!
You barely miss Pikel. Pikel hits you but does no damage.
Pikel hits you but does no damage.
You barely miss Pikel. Pikel hits you but does no damage.
You hit Pikel but do no damage. Pikel barely misses you.
You hit Pikel but do no damage. You headbutt Pikel.
Pikel is lightly wounded.
Pikel hits you with a whip of electrocution.
You are electrocuted!
* * * LOW HITPOINT WARNING * * *
You hit Pikel but do no damage.
Pikel is lightly wounded.
Pikel hits you with a whip of electrocution.
* * * LOW HITPOINT WARNING * * *
You are electrocuted!
You die...

###
#######<##
#........#
#.########
#.# #.#
#@# #K#
#.# #..
###


You could see Pikel.

Vanquished Creatures
  Purgy (D:3)
  Crazy Yiuf (D:3)
  An iguana (D:4)
  A hound zombie (D:3)
  2 adders
  A worm (D:3)
  2 giant geckos (D:1)
  2 orcs (D:3)
  8 bats
  A giant cockroach (D:2)
  16 goblins
  8 hobgoblins
  4 jackals (D:2)
  2 quokkas (D:3)
  A ball python (D:3)
  4 giant newts
  8 kobolds
  4 rats
67 creatures vanquished.

Notes
Turn   | Place    | Note
--------------------------------------------------------------
     0 | D:1      | MartinZepigue the Minotaur Berserker began the quest for the Orb.
     0 | D:1      | Reached XP level 1. HP: 19/19 MP: 0/0
     7 | D:1      | Noticed a merfolk skeleton
     8 | D:1      | Noticed a draconian skeleton
     9 | D:1      | Noticed a troll skeleton
    13 | D:1      | Noticed an elf skeleton
    13 | D:1      | Noticed a draconian skeleton
    17 | D:1      | Noticed a spriggan skeleton
    19 | D:1      | Noticed a spriggan skeleton
    21 | D:1      | Noticed a merfolk skeleton
   201 | D:1      | Reached XP level 2. HP: 8/27 MP: 1/1
   706 | D:1      | Reached skill level 4 in Fighting
   860 | D:2      | Upgraded the game from 0.17-a0-1830-g81820eb to 0.17-a0-1831-gaadb308
  1053 | D:2      | Reached XP level 3. HP: 33/33 MP: 2/2
  1157 | D:2      | Acquired Trog's second power
  1381 | D:2      | Upgraded the game from 0.17-a0-1831-gaadb308 to 0.17-a0-1840-g87820a2
  1806 | D:3      | Noticed Purgy
  1816 | D:3      | Killed Purgy
  1816 | D:3      | Reached XP level 4. HP: 38/41 MP: 3/3
  1816 | D:3      | Reached XP level 5. HP: 43/47 MP: 4/4
  2020 | D:3      | Found a radiant altar of Vehumet.
  2577 | D:3      | Reached skill level 5 in Fighting
  2600 | D:3      | Noticed Crazy Yiuf
  2609 | D:3      | Killed Crazy Yiuf
  2776 | D:4      | Noticed a slave
  2777 | D:4      | Noticed Pikel
  2791 | D:4      | HP: 2/48 [Pikel/whip of electrocution (3)]
  2791 | D:4      | Mangled by Pikel

Vault maps used:
D:1:      shiori_arrival_whats_in_store_for_you, serial_glass, glass_columns_c,
          glass_columns_a, minmay_liquid_box
D:2:      first_bread, st_stairs_11
D:3:      serial_forest, infiniplex_forest_clump_double,
          infiniplex_forest_lined_3, infiniplex_forest_clump_small,
          infiniplex_forest_lined_room_2, infiniplex_forest_fountain,
          vehumet_altar_wand_db, uniq_purgy, uniq_crazy_yiuf_cottage
D:4:      uniq_robin, uniq_pikel

Action                   |  1- 3 |  4- 6 || total
-------------------------+-------+-------++-------
Melee: Hand axe          |    95 |    23 ||   118
       Mace              |       |    43 ||    43
       War axe           |       |    12 ||    12
Invok: Berserk           |     1 |       ||     1
       Trog's Hand       |       |     2 ||     2
  Use: Scroll            |     5 |     4 ||     9
       Potion            |     2 |     1 ||     3
  Eat: Chunk             |     3 |     4 ||     7
